 Dungeon Crawl Stone Soup version 0.25.1-9-gc5326a611f (webtiles) character file.

Game seed: 8199263961510151259

19 funkygono the Skirmisher (level 2, -1/24 HPs)
             Began as a Demonspawn Abyssal Knight on Dec 31, 2020.
             Was a Follower of Lugonu.
             Slain by a kobold
             ... wielding a +0 whip
              (3 damage)
             ... on level 1 of the Dungeon.
             The game lasted 00:00:40 (402 turns).

funkygono the Skirmisher (Demonspawn Abyssal Knight) Turns: 402, Time: 00:00:40

Health: -1/24      AC:  3    Str: 12    XL:     2   Next: 55%
Magic:  3/3        EV: 11    Int: 13    God:    Lugonu [*.....]
Gold:   27         SH:  0    Dex: 12    Spells: 1/1 levels left

rFire    . . .     SeeInvis .   a - +1 mace
rCold    . . .     Gourm    .   (no shield)
rNeg     . . .     Faith    .   b - +0 leather armour
rPois    .         Spirit   .   (no helmet)
rElec    .         Reflect  .   (no cloak)
rCorr    .         Harm     .   (no gloves)
MR       .....                  (no boots)
Stlth    +.........             (no amulet)
HPRegen  0.08/turn              (no ring)
MPRegen  0.08/turn              (no ring)

@: no status effects
A: talons 1
a: Depart the Abyss, Renounce Religion


You were on level 1 of the Dungeon.
You worshipped Lugonu.
Lugonu was aware of your devotion.
You were not hungry.

You visited 1 branch of the dungeon, and saw 1 of its levels.
You visited the Abyss 1 time.

You collected 27 gold pieces.

Inventory:

Hand Weapons
 a - a +1 mace (weapon)
Missiles
 e - a stone (quivered)
Armour
 b - a +0 leather armour (worn)
Comestibles
 c - a ration
 d - 5 chunks of flesh


   Skills:
 + Level 3.6 Fighting
 + Level 1.9 Maces & Flails
 + Level 1.7 Armour
 + Level 1.2 Dodging
 + Level 2.5 Invocations


You had one spell level left.
You didn't know any spells.
Your spell library was empty.

Dungeon Overview and Level Annotations

Branches:
Dungeon (1/15)

Altars:


Innate Abilities, Weirdness & Mutations

You have sharp toenails.


Message History

You hit the goblin.
You kill the goblin!
Lugonu accepts your kill.
You hit the giant cockroach.
The giant cockroach is severely wounded.
The giant cockroach barely misses you. The giant cockroach closely misses you.
You hit the giant cockroach. Your kick misses the giant cockroach.
The giant cockroach is almost dead.
The giant cockroach bites you but does no damage.
You sock the giant cockroach!
You kill the giant cockroach!
Lugonu accepts your kill.
The kobold throws a stone.
The stone hits you but does no damage. The kobold barely misses you.
Items here: )) †† a +0 club; a cursed -1 club; a hobgoblin corpse; a jackal corpse You hit the kobold.
The kobold is severely wounded.
The kobold hits you with a +0 whip.
You die...

##..#
#.g...#......... ...#
#.....#......... ##
#..# #.g...#.........
<#
#..###.....#.........
##
#...##.(...#.........
#
#.#.##g.####.........
#
#......!Kg...........
#
###..#..#####K######
# #...........#@# ##
#.##.#..##..#(# .#
#.##........#+# ≈#
#.###..#####.. .# #.#
#..# ... ## #.#
##.##.# # #.####>)..#
# #...####### ##
###.###


You could see a kobold.

Vanquished Creatures
  2 giant cockroaches (D:1)
  2 goblins (D:1)
  3 hobgoblins (D:1)
  2 jackals (D:1)
  A ball python (D:1)
  3 bats (D:1)
  A frilled lizard (D:1)
  2 kobolds (D:1)
  A rat (D:1)
17 creatures vanquished.

Notes
Turn   | Place    | Note
-------+----------+-------------------------------------------
     0 | Abyss:1  | funkygono the Demonspawn Abyssal Knight began the quest for
                  | the Orb.
     0 | Abyss:1  | Reached XP level 1. HP: 18/18 MP: 2/2
     2 | Abyss:1  | Found a corrupted altar of Lugonu.
    62 | Abyss:1  | Noticed a smoke demon
    63 | Abyss:1  | Noticed an eidolon
    68 | D:1      | Escaped the Abyss
   325 | D:1      | Reached skill level 1 in Dodging
   371 | D:1      | Gained mutation: You have sharp toenails. [demonic
                  | ancestry]
   371 | D:1      | Reached XP level 2. HP: 24/24 MP: 3/3
   384 | D:1      | Reached * piety under Lugonu
   394 | D:1      | HP: 1/24 [goblin (3)]
   402 | D:1      | Slain by a kobold

Illustrated notes

Levels and vault maps discovered:
D:1:      lightli_arrival_windingriver, layout_basic

Skill      XL: |  1 |
---------------+----+-----
Dodging        | 1 |  1.2
Fighting       | |  3.6
Maces & Flails | |  1.9
Armour         | |  1.7
Invocations    | |  2.5

Action                   || total
-------------------------++-------
Melee: Mace              ||    49
       Kick              ||     6
Invok: Depart the Abyss  ||     1
Armor: Leather armour    ||    30
Dodge: Dodged            ||    61
